 Dungeon Crawl Stone Soup version 0.28-a0-1159-g27aa881441 (webtiles) character file.

Game seed: 11017832413235649544

23 ders the Caller (level 2, -5/11 HPs)
             Began as a Felid Summoner on Dec 15, 2021.
             Slain by a gnoll (6 damage)
             ... on level 2 of the Dungeon.
             The game lasted 00:01:39 (2004 turns).

ders the Caller (Felid Summoner)                    Turns: 2004, Time: 00:01:40

Health: -5/11      AC:  1    Str:  4    XL:     2   Next: 72%
Magic:  5/6        EV: 18    Int: 16    God:
Gold:   55         SH:  0    Dex: 16    Spells: 2/5 levels left
                                        Lives:  0   Deaths: 0

rFire   . . .      SeeInvis +   (weapon unavailable)
rCold   . . .      Faith    .   (shield unavailable)
rNeg    . . .      Spirit   .   (armour unavailable)
rPois   .          Reflect  .   (helmet unavailable)
rElec   .          Harm     .   (cloak unavailable)
rCorr   .          Rampage  .   (gloves unavailable)
Will    .....                   (boots unavailable)
Stlth   ++........              (no amulet)
HPRegen 0.03/turn               (no ring)
MPRegen 0.10/turn               (no ring)

@: quick
A: very small, claws 1, fangs 3, see invisible, speed 1, shaggy fur 1, stealthy
paws, no weapons or thrown items, no armour, multi-lived
a: no special abilities


You were on level 2 of the Dungeon.
You visited 1 branch of the dungeon, and saw 2 of its levels.

You collected 55 gold pieces.

Inventory:

Jewellery
 c - a +4 ring of evasion
Scrolls
 a - a scroll of identify {unknown}
 b - a scroll of holy word {unknown}
 e - a scroll of vulnerability {unknown}


   Skills:
 + Level 3.3 Dodging
 - Level 2.6 Stealth
 + Level 2.3 Spellcasting
 + Level 4.3 Summonings


You had 2 spell levels left.
You knew the following spells:

 Your Spells              Type           Power      Damage    Failure   Level
a - Summon Small Mammal   Summ           60%        N/A       3%          1
b - Call Imp              Summ           15%        N/A       4%          2

Your spell library contained the following spells:

 Spells                   Type           Power      Damage    Failure   Level
 Call Canine Familiar     Summ           15%        N/A       10%         3
 Summon Guardian Golem    Hex/Summ       8%         N/A       24%         3
 Summon Lightning Spire   Summ/Air       8%         N/A       63%         4


Dungeon Overview and Level Annotations

Branches:
Dungeon (2/15)

Altars:


Innate Abilities, Weirdness & Mutations

You have sharp claws.
You have razor-sharp teeth.
You have supernaturally acute eyesight. (SInv)
You cover ground quickly. (Speed+)
You are covered in fur. (AC +1)
Your paws help you pounce on unaware monsters.
You are incapable of wielding weapons or throwing items.
You cannot wear armour.
You gain extra lives every three experience levels.


Message History

The kobold dies!
Your quokka bites the gnoll.
You climb upwards.
There is a stone staircase leading down here.
You start resting.
Magic restored.
You start resting.
HP restored.
You climb downwards.
The gnoll misses you.
There is a stone staircase leading up here.
Casting: Summon Small Mammal (safe; 3% risk of failure)
Confirm with . or Enter, or press ? or * to list all spells.
The gnoll barely misses you. The gnoll completely misses you.
Unknown command.
Casting: Summon Small Mammal (safe; 3% risk of failure)
Confirm with . or Enter, or press ? or * to list all spells.
The gnoll barely misses you.
The gnoll hits you with a +2 flail of holy wrath!
Ouch! That really hurt!
* * * LOW HITPOINT WARNING * * *
Your quokka closely misses the gnoll.
Your rat bites the gnoll but does no damage.
Unknown command.
A hobgoblin comes into view.
Your rat barely misses the gnoll.
A gnoll comes into view. It is wielding a +0 whip.
Your quokka bites the gnoll.
Your rat barely misses the gnoll.
The gnoll hits your quokka with a +2 flail of holy wrath!
Your quokka dies!
Your quokka's corpse disappears in a puff of smoke!
The gnoll shouts!
You see here 8 gold pieces.
You hear a shout!
The gnoll shouts!
Your rat barely misses the gnoll.
A gnoll comes into view. It is wielding a +0 club.
The gnoll shouts!
The gnoll hits you with a +0 whip.
Ouch! That really hurt!
You die...

#.# #g#
###.###
##.....##
##....)<.##
#...$r....#
#..g......#
#$.....(..#
#..@........
#.g.......###
#.........#
#.........#
#.........#
#....g....#
#.........#
##.......##


You could see 3 gnolls, a hobgoblin and a friendly rat (summoned).

Vanquished Creatures
  2 endoplasms
  A goblin (D:2)
  A jackal (D:2)
4 creatures vanquished.

Vanquished Creatures (collateral kills)
  2 endoplasms (D:1)
  3 goblins
  A hobgoblin (D:1)
  A jackal (D:2)
  3 bats (D:2)
  5 kobolds
15 creatures vanquished.

Grand Total: 19 creatures vanquished

Notes
Turn   | Place    | Note
-------+----------+-------------------------------------------
     0 | D:1      | ders the Felid Summoner began the quest for the Orb.
     0 | D:1      | Reached XP level 1. HP: 7/7 MP: 4/4
   524 | D:1      | Reached XP level 2. HP: 11/11 MP: 3/6
  1280 | D:2      | Learned a level 2 spell: Call Imp
  2004 | D:2      | Slain by a gnoll

Illustrated notes

Levels and vault maps discovered:
D:1:      dpeg_arrival_erosion, layout_loops_ring
D:2:      layout_rooms, kennysheep_generic_room_3

Skill      XL: |  1 |
---------------+----+-----
Dodging        | 3 |  3.3
Stealth        | |  2.6
Spellcasting   | |  2.3
Summonings     | |  4.3

Action                   || total
-------------------------++-------
Melee: Unarmed           ||    13
       Bite              ||     2
 Cast: Summon Small Mamm ||    33
       Call Imp          ||     2
  Use: Potion            ||     1
Armor: Skin              ||     1
Dodge: Dodged            ||    48

Table legend: (Time is in decaauts)
 A = Elapsed time spent in this place.
 B = Non-inter-level travel time spent in this place.
 C = Inter-level travel time spent in this place.
 D = Time resting spent in this place.
 E = Time spent auto-exploring this place.
 F = Levels seen in this place.
 G = Mean time per level.
                   A        B        C        D        E       F      G
               +--------+--------+--------+--------+--------+-----+--------+
         Total |   1864 |   1833 |     31 |    758 |    848 |   2 |  932.0 |
       Dungeon |   1864 |   1833 |     31 |    758 |    848 |   2 |  932.0 |
               +--------+--------+--------+--------+--------+-----+--------+

Top non-repeatable levels by time:
     D:1: 1237 daAuts
     D:2: 627 daAuts
